 Dungeon Crawl Stone Soup version 0.26.1-11-gd32895ea62 (webtiles) character file.

Game seed: 751932505441563514

3128 Zeld the Cruncher (level 9, -7/81 HPs)
             Began as an Octopode Gladiator on May 22, 2021.
             Was a Believer of Okawaru.
             Mangled by a yak (8 damage)
             ... on level 7 of the Dungeon.
             The game lasted 00:11:18 (10819 turns).

Zeld the Cruncher (Octopode Gladiator)             Turns: 10819, Time: 00:11:18

Health: -7/81      AC: 24    Str: 16    XL:     9   Next: 92%
Magic:  7/9        EV:  2    Int: 10    God:    Okawaru [**....]
Gold:   465        SH:  0    Dex: 14    Spells: 8/8 levels left

rFire    . . .     SeeInvis .   B - +5 quarterstaff (chaos)
rCold    . . .     Faith    .   (shield currently unavailable)
rNeg     + + +     Spirit   .   (helmet currently unavailable)
rPois    +         Reflect  .   (no amulet)
rElec    .         Harm     .   (no ring)
rCorr    .         Rampage  .   (no ring)
Will     .....     NoTele   +   (no ring)
Stlth    +++.......             (no ring)
HPRegen  0.23/turn              (no ring)
MPRegen  0.11/turn              (no ring)
                                (no ring)
                                (no ring)

@: tree-form, heroism, attractive
A: almost no armour, stealthy swim, (amphibious), 8 rings, (constrict 8)
a: Renounce Religion, Heroism


You were on level 7 of the Dungeon.
You worshipped Okawaru.
Okawaru was pleased with you.
You were a tree.
You visited 2 branches of the dungeon, and saw 8 of its levels.
You also visited: Ossuary.

You collected 465 gold pieces.

Inventory:

Hand Weapons
 a - a +0 quarterstaff
 B - a +5 quarterstaff of chaos (weapon)
Missiles
 c - 3 throwing nets
 k - 37 poisoned darts (quivered)
 p - 8 boomerangs
 u - 4 javelins
 v - 4 boomerangs of dispersal
Armour
 b - a +2 hat (melded)
Wands
 e - a wand of iceblast (11)
 A - a wand of random effects (32)
Scrolls
 d - 3 scrolls of amnesia
 i - a scroll of magic mapping
 n - 3 scrolls of remove curse
 x - 2 scrolls of enchant armour
Potions
 g - 3 potions of flight
 h - 2 potions of brilliance
 l - a potion of attraction
 o - 4 potions of lignification
 r - a potion of haste {unknown}
 s - a potion of degeneration {unknown}


   Skills:
 - Level 2.0(7.0) Fighting
 * Level 13.3(18.3) Staves
 - Level 2.0(7.0) Throwing
 - Level 3.0(8.0) Dodging


You had 8 spell levels left.
You didn't know any spells.
Your spell library was empty.

Dungeon Overview and Level Annotations

Branches:
Dungeon (7/15)             Temple (1/1) D:5         Ossuary (visited)

Altars:
Ashenzari
Cheibriados
Dithmenos
Elyvilon
Fedhas
Gozag
Hepliaklqana
Makhleb
Nemelex Xobeh
Okawaru
Qazlal
Ru
Sif Muna
Trog
Uskayaw
Vehumet
Xom
Yredelemnul
Zin
The Shining One

Shops:
D:5 [   D:6 [

Annotations:
D:7 1 runed translucent door, Zeld's ghost, novice OpBr


Innate Abilities, Weirdness & Mutations

You cannot wear most types of armour.
You are very stealthy in the water. (Stealth+)
((You are amphibious.))
You can wear up to eight rings at the same time.
((You can use your tentacles to constrict eight enemies at once.))
((Your skin changes colour to match your surroundings (Stealth+).))
((Your rubbery body absorbs attacks. (AC +1, EV +1)))


Message History

You kill the yak!
Okawaru accepts your kill. The yak gores you but does no damage.
The yak barely misses you. The yak gores you but does no damage.
The yak is pulled toward you!
You sock the yak!
The yak seems to grow stronger.
The yak is moderately wounded.
The yak barely misses you.
The yak gores you but does no damage. x2
The yak is pulled toward you!
You hit the yak.
The yak flickers and vanishes!
Deactivating autopickup; reactivate with Ctrl-A.
Your punch misses something. The yak gores you but does no damage.
Something gores you!
* * * LOW HITPOINT WARNING * * *
Unknown command.
You hit something but do no damage. You punch something.
The ogre hits you with a +0 giant club.
* * * LOW HITPOINT WARNING * * *
The yak gores you but does no damage. The yak completely misses you.
Something gores you!
You die...

#***,*#.##.# ****,.#*,,,,,* #
.Y.,,*#.##.#####.....#*,,,,,*
#
*#Y..##.#..#.........##,,,,,*
#
*#.Y.YY..Y#..........#**.#**
# #..#####.#..........##*.# #
##.#.(.#(#...........##.## #
#.'.e.'.#...Y...........# #
#.#(Y.#.....O{Y.........# #
#,##+##.#..YY♣).........#
****,,,,,..#..YY###.#..†...#
,,,,,,,,,..#..YY# *,#.hh...#
*****,,,,..#....# *,####e.##
*,,,...#...## *,#......#
****##########.####.#......#
,,,,#.....#.........#....>.#
****#.....'....######......#
<,,,#_..†.'..8..# #......#


You could see 8 yaks and an ogre.

Vanquished Creatures
  Maggie (D:6)
  Sigmund (D:4)
  A yak (D:7)
  Menkaure (D:7)
  Duvessa (D:7)
  An ice beast (D:5)
  2 black bears (D:6)
  3 phantoms
  2 elf zombies (Ossuary)
  Blork the orc (D:5)
  A scorpion (D:4)
  A water moccasin skeleton (D:4)
  Dowan (D:7)
  6 killer bees (D:7)
  A howler monkey (D:7)
  A quasit (D:7)
  A centaur zombie (Ossuary)
  5 hounds
  A jelly (D:7)
  A bullfrog skeleton (D:6)
  5 orc priests
  7 orc wizards
  Crazy Yiuf (D:5)
  Jessica (D:2)
  2 worker ants (D:4)
  A killer bee zombie (D:6)
  3 big kobold zombies (Ossuary)
  2 hound zombies (Ossuary)
  3 mummies (Ossuary)
  Robin (D:4)
  8 adders
  A white imp (D:7)
  An adder zombie (Ossuary)
  An adder skeleton (D:4)
  3 worms
  A dart slug (D:3)
  3 leopard geckos
  31 orcs
  8 giant cockroaches
  A gnoll zombie (Ossuary)
  19 goblins
  5 hobgoblins
  3 jackals (D:2)
  9 kobolds
  6 quokkas
  2 ball pythons (D:5)
  4 bats
  2 frilled lizards (D:2)
  4 goblin zombies (Ossuary)
  4 hobgoblin zombies (Ossuary)
  2 jackal zombies (Ossuary)
  3 kobold zombies (Ossuary)
  2 leopard gecko skeletons
  An orc zombie (Ossuary)
  5 quokka zombies (Ossuary)
  10 rats
  4 rat zombies (Ossuary)
202 creatures vanquished.

Vanquished Creatures (others)
  2 withered plants (D:7)
2 creatures vanquished.

Grand Total: 204 creatures vanquished

Notes
Turn   | Place    | Note
-------+----------+-------------------------------------------
     0 | D:1      | Zeld the Octopode Gladiator began the quest for the Orb.
     0 | D:1      | Reached XP level 1. HP: 14/14 MP: 1/1
   296 | D:1      | Reached XP level 2. HP: 18/19 MP: 2/2
   929 | D:2      | Reached skill level 4 in Staves
  1064 | D:2      | Reached XP level 3. HP: 20/24 MP: 3/3
  1870 | D:2      | Reached XP level 4. HP: 20/29 MP: 4/4
  2024 | D:2      | Noticed Jessica
  2040 | D:2      | Killed Jessica
  2041 | D:2      | Reached skill level 5 in Staves
  2221 | D:3      | Found a faded altar of an unknown god.
  2430 | D:3      | Reached XP level 5. HP: 34/34 MP: 5/5
  2609 | D:3      | Reached skill level 6 in Staves
  2876 | D:3      | Found a sparkling altar of Nemelex Xobeh.
  3294 | D:4      | Reached XP level 6. HP: 25/39 MP: 6/6
  3634 | D:4      | You fall into a shaft and drop 1 floor!
  3634 | D:5      | Entered Level 5 of the Dungeon
  3777 | D:4      | Reached skill level 7 in Staves
  4075 | D:4      | Reached XP level 7. HP: 45/45 MP: 7/7
  4227 | D:4      | Noticed Sigmund
  4232 | D:4      | Noticed Robin
  4762 | D:3      | Reached skill level 8 in Staves
  4862 | D:4      | Killed Robin
  5224 | D:4      | Killed Sigmund
  5225 | D:4      | Reached skill level 9 in Staves
  5485 | D:4      | Found an opulent altar of Gozag.
  5524 | D:4      | Found a glowing silver altar of Zin.
  5760 | D:5      | Found a staircase to the Ecumenical Temple.
  5768 | Temple   | Entered the Ecumenical Temple
  5839 | Temple   | Became a worshipper of Warmaster Okawaru
  5890 | D:5      | Reached XP level 8. HP: 26/50 MP: 8/8
  6077 | D:5      | Noticed Blork the orc
  6100 | D:5      | Killed Blork the orc
  6575 | D:5      | Found Annufi's Antique Armour Shop.
  6926 | D:5      | Reached skill level 10 in Staves
  7310 | D:5      | Found a runed translucent door.
  7311 | D:5      | Noticed Crazy Yiuf
  7316 | D:5      | Killed Crazy Yiuf
  7555 | D:6      | Found Guuchic's Antique Armour Shoppe.
  8032 | D:6      | Reached * piety under Okawaru
  8188 | D:6      | Reached skill level 11 in Staves
  8328 | D:6      | Noticed Maggie
  8341 | D:6      | Killed Maggie
  8342 | D:6      | Reached XP level 9. HP: 51/54 MP: 6/9
  8534 | D:7      | Reached skill level 12 in Staves
  8538 | D:7      | Reached ** piety under Okawaru
  8625 | D:7      | Noticed Duvessa
  8638 | D:7      | Found a sand-covered staircase.
  8639 | D:7      | Noticed Menkaure
  8643 | Ossuary  | Entered an ossuary
 10118 | D:7      | Found a runed translucent door.
 10121 | D:7      | Noticed Zeld's ghost (novice OpBr)
 10128 | D:7      | Killed Menkaure
 10145 | D:7      | Noticed Dowan
 10313 | D:7      | Killed Dowan
 10314 | D:7      | Reached skill level 13 in Staves
 10780 | D:7      | Found a snail-covered altar of Cheibriados.
 10802 | D:7      | Killed Duvessa
 10819 | D:7      | HP: 1/81 [ogre/+0 giant club (5)]
 10819 | D:7      | Mangled by a yak

Illustrated notes

Levels and vault maps discovered:
D:1:      dpeg_arrival_fog, layout_basic, serial_bayou_crossing
D:2:      minmay_chambers_of_twos, layout_loops_ring, kennysheep_jessica_study
D:3:      layout_rooms, nemelex_altar_shiori, chequers_ecumenical_altar_simple
D:4:      layout_cave_pools, pdpol_temple_overflow_zin_treasury_gozag_greed,
          uniq_robin, uniq_sigmund
D:5:      layout_loops_ring, temple_fountains, serial_shops, shop_statue,
          uniq_crazy_yiuf_cottage, uniq_blork_the_orc
D:6:      minmay_klotski, layout_basic, serial_shops,
          nicolae_shop_overgrown_old_shop, uniq_maggie
D:7:      kennysheep_windowed_halls, layout_basic, slow_altar_2,
          enter_ossuary_2, gammafunk_ghost_grave, uniq_menkaure, uniq_duvessa,
          uniq_joseph
Temple:   compressed_dpeg_circular_temple

Skill      XL: |  1  2  3  4  5  6  7  8  9 |
---------------+----------------------------+-----
Staves         | 4 5 6 7 9 11 13 | 13.3
Fighting       | |  2.0
Throwing       | |  2.0
Dodging        | |  3.0

Action                   |  1- 3 |  4- 6 |  7- 9 || total
-------------------------+-------+-------+-------++-------
Melee: Quarterstaff      |    80 |    97 |   309 ||   486
       Constrict         |    20 |    29 |    57 ||   106
       Tentacles         |    13 |    17 |    57 ||    87
       Punch             |       |       |     3 ||     3
Invok: Heroism           |       |       |     2 ||     2
Evoke: Wand              |       |       |    10 ||    10
  Use: Scroll            |       |     9 |    13 ||    22
       Potion            |       |       |     8 ||     8
 Stab: Sleeping          |     7 |     2 |     2 ||    11
       Distracted        |       |       |     1 ||     1
       Petrifying        |       |       |     3 ||     3
       Paralysed         |       |       |     7 ||     7
Armor: Skin              |     5 |     4 |    62 ||    71
Dodge: Dodged            |    56 |    52 |   180 ||   288
